 Seeded DCSS version 0.26.1-10-gdfb7c7de75 (webtiles) character file.

Game seed: 12760341319952585643 (custom seed)

1211 oldmanjim the Changer (level 8, -5/68 HPs)
             Began as a Pale Draconian Transmuter on Apr 8, 2021.
             Was an Initiate of Gozag.
             Splashed by an orc wizard's acid (14 damage)
             ... on level 6 of the Dungeon.
             The game lasted 00:47:59 (8678 turns).

oldmanjim the Changer (Pale Draconian Transmuter)   Turns: 8678, Time: 00:47:59

Health: -5/68      AC: -2    Str: 13    XL:     8   Next: 22%
Magic:  11/13      EV: 19    Int: 16    God:    Gozag
Gold:   662        SH:  0    Dex: 16    Spells: 5/13 levels left

rFire    . . .     SeeInvis .     - Unarmed
rCold    . . .     Faith    .   (shield currently unavailable)
rNeg     . . .     Spirit   .   (armour unavailable)
rPois    .         Reflect  .   (helmet currently unavailable)
rElec    .         Harm     .   (cloak currently unavailable)
rCorr    .         Rampage  .   (gloves currently unavailable)
Will     .....                  (boots currently unavailable)
Stlth    +.........             (no amulet)
HPRegen  0.21/turn              m - ring of poison resistance
MPRegen  0.13/turn              (no ring)

@: lethally poisoned (-5 -> -17), spider-form (expiring), corroded
A: tiny, (breathe steam), unfitting armour, AC +6
a: End Transformation, Renounce Religion, Potion Petition, Call Merchant, Bribe
Branch


You were on level 6 of the Dungeon.
You worshipped Gozag.
Gozag was pleased with you.
You were a venomous arachnid creature.
You visited 2 branches of the dungeon, and saw 7 of its levels.

You collected 716 gold pieces.
You paid 54 gold pieces to Gozag.

Inventory:

Hand Weapons
 n - a +1 hunting sling
 x - the +3 whip of Peep (melded) {freeze, Int+6 Dex+6}
   (You found it on level 5 of the Dungeon)

   It has been specially enchanted to freeze those struck by it, causing extra
   injury to most foes and up to half again as much damage against particularly
   susceptible opponents.
   It can also slow down cold-blooded creatures.
   It affects your intelligence (+6).
   It affects your dexterity (+6).
Missiles
 e - 198 stones
 i - 6 poisoned darts (quivered)
 k - 8 curare-tipped darts
 o - 43 sling bullets
Armour
 d - a +0 cloak (melded)
 p - a +0 pair of gloves (melded)
Jewellery
 m - a ring of poison resistance (left front leg)
Wands
 g - a wand of polymorph (6)
Scrolls
 a - a scroll of fear
 c - a scroll of amnesia {unknown}
 f - 2 scrolls of teleportation
 h - a scroll of immolation {unknown}
 q - a scroll of enchant weapon
 r - a scroll of enchant armour {unknown}
 w - a scroll of remove curse
 y - 3 scrolls of fog
Potions
 j - a potion of curing
 l - a potion of heal wounds
 s - a potion of might {unknown}
 t - a potion of brilliance {unknown}
 u - a potion of cancellation
 z - a potion of lignification


   Skills:
 - Level 5.0 Fighting
 - Level 1.7 Dodging
 + Level 4.3 Unarmed Combat
 + Level 3.4 Spellcasting
 * Level 5.9 Transmutations
 + Level 1.9 Ice Magic
 - Level 3.0 Poison Magic
 + Level 2.7 Evocations


You had 5 spell levels left.
You knew the following spells:

 Your Spells              Type           Power        Failure   Level
a - Beastly Appendage     Tmut           42%          7%          1
b - Spider Form           Tmut/Pois      8%           22%         3
c - Ice Form              Ice/Tmut       15%          56%         4

Your spell library contained the following spells:

 Spells                   Type           Power        Failure   Level
 Wereblood                Tmut           21%          9%          2
 Blade Hands              Tmut           10%          61%         5


Dungeon Overview and Level Annotations

Branches:
Dungeon (6/15)             Temple (1/1) D:4

Altars:
Ashenzari
Cheibriados
Dithmenos
Elyvilon
Fedhas
Gozag
Hepliaklqana
Makhleb
Nemelex Xobeh
Okawaru
Qazlal
Ru
Sif Muna
Trog
Uskayaw
Vehumet
Wu Jian
Xom
Yredelemnul
Zin
The Shining One


Innate Abilities, Weirdness & Mutations

((You can breathe blasts of scalding, opaque steam.))
((Your pale cyan-grey scales are hard. (AC +6)))
You cannot fit into any form of body armour.
((You are cold-blooded and may be slowed by cold attacks.))


Message History

The orc wizard miscasts a cantrip.
The orc wizard zaps a wand.
The bolt of acid misses you.
You closely miss the orc wizard. The orc wizard barely misses you.
The orc priest looks satisfied for a moment.
The orc wizard zaps a wand.
The bolt of acid hits you! The acid corrodes you!
You are splashed with acid!
The orc priest misses you.
You bite the orc priest!
The orc priest is poisoned.
The orc priest is heavily wounded.
The orc wizard misses you.
The orc wizard zaps a wand.
The bolt of acid misses you.
You hit the orc wizard but do no damage.
The orc wizard is poisoned.
Your transformation is almost over.
The orc priest hits you with a +0 mace of venom!
You are poisoned.
The orc wizard zaps a wand.
The bolt of acid hits you!!
* * * LOW HITPOINT WARNING * * *
You are splashed with acid!
You die...
Your body crumbles into a pile of gold.

.. #.###.. #######...
#.#..... ..........
......? .> ...#### #...
.#.. . ##.#############.#
#.#. .#
.................#.... ..#
.............!.o.#.#.#.#.#
................so........
#..>############.##.......
..................$.[....#
#.##############.####.o...
...)......................
..##################.... .
### .#


You could see an orc priest (very poisoned) and an orc wizard (fast, very
poisoned).

Vanquished Creatures
  A water moccasin (D:6)
  2 ice beasts
  An ogre (D:6)
  A centaur (D:3)
  4 hounds
  An orc priest (D:5)
  A jelly (D:5)
  2 iguanas (D:4)
  Natasha (thrice) (D:2)
  4 orc wizards
  2 worker ants
  2 hound skeletons
  4 gnolls (D:6)
  12 adders
  An ufetubus (D:5)
  2 adder zombies
  A worm (D:3)
  2 dart slugs
  3 leopard geckos
  11 orcs
  5 ball pythons
  5 bats
  4 giant cockroaches
  9 goblins
  9 hobgoblins
  3 jackals (D:2)
  3 quokkas
  13 frilled lizards
  A jackal skeleton (D:4)
  5 kobolds
  3 rats
120 creatures vanquished.

Vanquished Creatures (others)
  10 plants (D:3)
10 creatures vanquished.

Grand Total: 130 creatures vanquished

Notes
Turn   | Place    | Note
-------+----------+-------------------------------------------
     0 | D:1      | oldmanjim the Draconian Transmuter began the quest for the
                  | Orb.
     0 | D:1      | Reached XP level 1. HP: 16/16 MP: 3/3
   226 | D:1      | You fall into a shaft and drop 1 floor!
   240 | D:2      | Reached XP level 2. HP: 21/24 MP: 3/5
   423 | D:2      | Noticed Natasha
   435 | D:2      | Killed Natasha
   436 | D:2      | Reached XP level 3. HP: 15/30 MP: 6/6
   632 | D:2      | Noticed Natasha
   644 | D:2      | Killed Natasha
   758 | D:2      | Noticed Natasha
   843 | D:2      | Killed Natasha
   844 | D:2      | Reached XP level 4. HP: 31/38 MP: 5/7
  1066 | D:2      | Learned a level 3 spell: Spider Form
  2478 | D:2      | Reached XP level 5. HP: 42/45 MP: 8/8
  2893 | D:3      | Reached skill level 1 in Poison Magic
  2896 | D:3      | Noticed a centaur
  2896 | D:3      | You fall into a shaft and drop 2 floors!
  2896 | D:5      | Entered Level 5 of the Dungeon
  2908 | D:4      | Found an opulent altar of Gozag.
  2917 | D:4      | Became a worshipper of Gozag Ym Sagoz the Greedy
  3064 | D:3      | Found a hazy altar of Hepliaklqana.
  3855 | D:3      | Found a sparkling altar of Nemelex Xobeh.
  3879 | D:3      | Killed a centaur
  3880 | D:3      | Reached XP level 6. HP: 7/51 MP: 6/9
  4716 | D:4      | Found a staircase to the Ecumenical Temple.
  4726 | Temple   | Entered the Ecumenical Temple
  5426 | D:4      | You fall into a shaft and drop 1 floor!
  5858 | D:4      | Your scales start taking on a pale cyan-grey colour.
  5858 | D:4      | Reached XP level 7. HP: 55/60 MP: 8/11
  5993 | D:5      | Reached skill level 5 in Transmutations
  6100 | D:5      | Got a masterwork whip
  6101 | D:5      | Identified the +3 whip of Peep {freeze, Int+6 Dex+6} (You
                  | found it on level 5 of the Dungeon)
  6700 | D:5      | Reached skill level 1 in Evocations
  7307 | D:5      | Learned a level 4 spell: Ice Form
  7317 | D:5      | Found a stormy altar of Qazlal.
  7399 | D:5      | Reached skill level 5 in Fighting
  7842 | D:6      | Reached skill level 1 in Ice Magic
  8314 | D:6      | Reached XP level 8. HP: 56/68 MP: 9/12
  8349 | D:6      | HP: 1/68 [water moccasin (7)]
  8678 | D:6      | Splashed by an orc wizard's acid

Illustrated notes

Levels and vault maps discovered:
D:1:      dpeg_arrival_orchard, layout_loops_ring, chequers_mini_garden
D:2:      layout_basic, kennysheep_generic_room_7, uniq_natasha
D:3:      layout_basic, nemelex_xobeh_ov_fountains_minmay,
          nzn_hepliaklqana_mist_gate, minmay_lizard_king
D:4:      layout_basic, temple_hall,
          nicolae_gozag_cash_rules_everything_around_me
D:5:      layout_basic, old_standard_altar
D:6:      layout_basic
Temple:   hc_temple_tempest_star

Skill      XL: |  1  2  3  4  5  6  7 |
---------------+----------------------+-----
Fighting       | 2 3 4 5 |  5.0
Transmutations | 3 4 5 |  5.9
Unarmed Combat | 4 |  4.3
Poison Magic   | 2 3 |  3.0
Spellcasting   | 3 |  3.4
Evocations     | 2 |  2.7
Ice Magic      | 1 |  1.9
Dodging        | |  1.7

Action                   |  1- 3 |  4- 6 |  7- 9 || total
-------------------------+-------+-------+-------++-------
Melee: Unarmed           |    60 |   243 |   117 ||   420
       Kick              |    12 |    33 |     2 ||    47
       Tailslap          |     5 |    12 |     2 ||    19
       Headbutt          |     5 |    21 |       ||    26
       Punch             |       |     2 |       ||     2
       Whip              |       |       |     7 ||     7
Throw: Stone             |     3 |    27 |    17 ||    47
       Dart              |       |       |     2 ||     2
 Cast: Beastly Appendage |     9 |    42 |     3 ||    54
       Spider Form       |       |     6 |    16 ||    22
  Use: Scroll            |       |       |    10 ||    10
       Potion            |       |       |     2 ||     2
 Stab: Sleeping          |       |     1 |     1 ||     2
       Distracted        |       |       |     2 ||     2
Armor: Skin              |    19 |    72 |     8 ||    99
Dodge: Dodged            |    35 |   160 |   109 ||   304
